 Dungeon Crawl Stone Soup version 0.19-a0-860-g5c370dd (webtiles) character file.

389 4thArraOfDagon the Ducker (level 6, -2/28 HPs)
             Began as a Felid Monk on July 2, 2016.
             Was a Believer of Makhleb.
             Slain by a gnoll
             ... wielding a cursed -1 flail
              (10 damage)
             ... on level 4 of the Dungeon.
             The game lasted 00:04:12 (868 turns).

4thArraOfDagon the Ducker (Felid Monk)               Turns: 868, Time: 00:04:13

Health: -2/28      AC:  2    Str:  7    XL:     6   Next: 49%
Magic:  7/7        EV: 22    Int: 12    God:    Makhleb [**....]
Gold:   163        SH:  0    Dex: 20    Spells: 0 memorised, 5 levels left
                                        Lives:  0   Deaths: 1

rFire  . . .     SeeInvis +       - Unarmed
rCold  . . .     Gourm    .     (armour unavailable)
rNeg   . . .     Faith    .     (shield unavailable)
rPois  .         Spirit   .     (helmet unavailable)
rElec  .         Dismiss  .     (cloak unavailable)
rCorr  .         Reflect  .     (gloves unavailable)
SustAt .         Harm     .     (boots unavailable)
MR     .....                    (no amulet)
Stlth  ++++......               (no ring)
                                (no ring)

@: quick, not resistant to hostile enchantments, stealthy
A: no armour, no weapons or thrown items, claws 1, fangs 3, see invisible,
carnivore 3, speed 1, shaggy fur 2, slow metabolism 1, sharp paws
a: Minor Destruction, Renounce Religion


You were on level 4 of the Dungeon.
You worshipped Makhleb.
Makhleb was pleased with you.
You were completely stuffed.

You visited 1 branch of the dungeon, and saw 5 of its levels.

You collected 163 gold pieces.

Inventory:

Wands
 g - a wand of iceblast (0/15)
Scrolls
 b - a scroll of remove curse {unknown}
 c - 3 scrolls of identify
 d - a scroll of enchant weapon {unknown}
 e - 2 scrolls of enchant armour {unknown}
 h - a scroll of magic mapping
 j - a scroll of summoning {unknown}
 l - a scroll of immolation {unknown}
 o - a scroll of recharging {unknown}
Potions
 i - a potion of curing
 k - a potion of beneficial mutation
 m - a potion of might
 n - a potion of resistance
Comestibles
 a - a meat ration
 f - 3 beef jerkies


   Skills:
 + Level 4.2 Fighting
 + Level 6.0 Dodging
 + Level 4.9 Stealth
 * Level 5.4 Unarmed Combat


You had 5 spell levels left.
You didn't know any spells.

Dungeon Overview and Level Annotations

Branches:
Dungeon (5/15)
 Temple: D:4-7

Altars:
Makhleb


Innate Abilities, Weirdness & Mutations

You cannot wear armour.
You are incapable of wielding weapons or throwing items.
You have sharp claws.
You have razor-sharp teeth.
You have supernaturally acute eyesight. (SInv)
You are carnivorous and can eat meat at any time.
You cover ground quickly.
You are covered in thick fur. (AC +2)
You have a slow metabolism.
Your sharp claws are effective at attacking unaware monsters.


Message History

The gnoll misses you. The gnoll closely misses you.
Unknown command.
You barely miss the gnoll.
The gnoll is severely wounded.
The gnoll misses you. The gnoll closely misses you.
Unknown command.
You claw the gnoll!
You kill the gnoll!
Makhleb accepts your kill.
You feel better.
The gnoll hits you with an enchanted flail!
* * * LOW HITPOINT WARNING * * *
Unknown command.
Unknown command.
Unknown command.
You scratch the gnoll but do no damage.
Unknown command.
You scratch the gnoll but do no damage.
The gnoll hits you with an enchanted flail!
You die...

####
##..###
##.....##
#...>...##
#...)....##
#....@....#
####g.)?.##
##....#
....##
...## ...##
...# ....#


You could see a gnoll.

Vanquished Creatures
  A sky beast (D:5)
  Purgy (D:3)
  An ogre (D:5)
  A hound (D:5)
  A giant frog skeleton (D:4)
  An orc priest (D:5)
  An orc wizard (D:5)
  2 gnolls (D:4)
  3 adders
  3 orcs (D:5)
  A giant cockroach (D:2)
  5 goblins
  A hobgoblin (D:2)
  A kobold (D:3)
  A ball python (D:2)
  2 bats (D:2)
  A giant gecko skeleton (D:4)
  A giant newt (D:1)
  A quokka zombie (D:5)
  3 rats
32 creatures vanquished.

Notes
Turn   | Place    | Note
-------+----------+-------------------------------------------
     0 | D:1      | 4thArraOfDagon the Felid Monk began the quest for the Orb.
     0 | D:1      | Reached XP level 1. HP: 10/10 MP: 2/2
   252 | D:2      | Reached XP level 2. HP: 14/14 MP: 3/3
   285 | D:2      | Found a burning altar of Makhleb.
   285 | D:2      | Noticed a green death
   288 | D:2      | Noticed a neqoxec
   288 | D:2      | Noticed an orange demon
   290 | D:2      | Became a worshipper of Makhleb the Destroyer
   290 | D:2      | Reached * piety under Makhleb
   290 | D:2      | Reached ** piety under Makhleb
   522 | D:3      | Noticed Purgy
   540 | D:3      | Killed Purgy
   540 | D:3      | Reached XP level 3. HP: 2/17 MP: 4/4
   540 | D:3      | Reached XP level 4. HP: 3/21 MP: 5/5
   540 | D:3      | Mangled by a worm
   541 | D:3      | Reached XP level 3. HP: -7/17 MP: 4/4
   581 | D:4      | Reached skill level 5 in Dodging
   581 | D:4      | Reached XP level 4. HP: 21/21 MP: 5/5
   705 | D:5      | Entered Level 5 of the Dungeon
   707 | D:5      | Reached XP level 5. HP: 25/25 MP: 6/6
   754 | D:5      | Noticed a sky beast
   763 | D:5      | Killed a sky beast
   763 | D:5      | Reached skill level 5 in Unarmed Combat
   812 | D:5      | Noticed an ogre
   825 | D:5      | Killed an ogre
   825 | D:5      | Gained mutation: You are covered in thick fur. (AC +2) [Felid growth]
   825 | D:5      | Reached XP level 6. HP: 5/28 MP: 7/7
   859 | D:4      | Reached skill level 6 in Dodging
   868 | D:4      | Slain by a gnoll

Vault maps used:
D:1:      sevenhm_arrival_forest_fort_large_2
D:2:      dancing_weapons_uskayaw, first_bread, makhleb_altar_promises_db
D:3:      uniq_sigmund, uniq_jessica, uniq_purgy
D:5:      basic_altar

Skill      XL: |  1  2  3  4  5  6 |
---------------+-------------------+-----
Stealth        | 3 4 |  4.9
Unarmed Combat | 4 5 |  5.4
Dodging        | 5 6 |  6.0
Fighting       | 4 |  4.2

Action                   |  1- 3 |  4- 6 || total
-------------------------+-------+-------++-------
Melee: Unarmed           |    76 |    38 ||   114
       Bite              |     8 |     2 ||    10
       Punch             |     2 |     1 ||     3
Invok: Minor Destruction |       |     3 ||     3
Evoke: Wand              |     2 |       ||     2
  Use: Potion            |     3 |       ||     3
       Scroll            |     1 |     3 ||     4
 Stab: Sleeping          |     1 |     8 ||     9
  Eat: Chunk             |     4 |     6 ||    10
Armor: Skin              |     1 |       ||     1
Dodge: Dodged            |    87 |    27 ||   114
